 Dungeon Crawl Stone Soup version 0.22.1-2-g9c5b331383 (webtiles) character file.

3106 Pocketmage the Grappler (level 9, 0/88 HPs)
             Began as a Troll Warper on Nov 30, 2018.
             Was an Initiate of Ru.
             Slain by a manticore (3 damage)
             ... on level 7 of the Dungeon on Dec 1, 2018.
             The game lasted 00:23:31 (5372 turns).

Pocketmage the Grappler (Troll Warper)              Turns: 5372, Time: 00:23:32

Health: 0/88       AC:  8    Str: 26    XL:     9   Next: 60%
Magic:  1/10       EV: 12    Int:  9    God:    Ru [......]
Gold:   417        SH:  0    Dex: 12    Spells: 6/10 levels left

rFire    . . .     SeeInvis .     - Unarmed
rCold    . . .     Gourm    +   (no shield)
rNeg     . . .     Faith    .   a - +0 robe
rPois    .         Spirit   .   (helmet restricted)
rElec    .         Reflect  .   z - +2 cloak
rCorr    .         Harm     .   (gloves unavailable)
MR       +....                  (boots unavailable)
Stlth    +.........             (no amulet)
HPRegen  0.64/turn              A - ring of protection from magic
MPRegen  0.12/turn              G - +5 ring of strength

@: very slightly contaminated
A: large, unfitting armour, claws 3, fast metabolism 3, gourmand, regeneration
1, shaggy fur 1, tough skin 2
a: Renounce Religion


You were on level 7 of the Dungeon.
You worshipped Ru.
Ru was noncommittal.
You were hungry.

You visited 1 branch of the dungeon, and saw 8 of its levels.

You collected 557 gold pieces.
You spent 140 gold pieces at shops.

Inventory:

Missiles
 d - 5 tomahawks of dispersal (quivered)
 C - a throwing net
Armour
 a - a +0 robe (worn)
 z - a +2 cloak (worn)
Jewellery
 n - an uncursed ring of magical power
 s - an uncursed ring of fire
 A - a ring of protection from magic (left claw)
 G - a +5 ring of strength (right claw)
Wands
 w - a wand of flame (29)
 E - a wand of digging (12)
 F - a wand of iceblast (3)
Scrolls
 b - a scroll of fear {unknown}
 c - a scroll of blinking
 g - 2 scrolls of magic mapping
 j - a scroll of noise {unknown}
 k - 2 scrolls of identify
 l - a scroll of enchant weapon {unknown}
 q - a scroll of amnesia
 r - a scroll of teleportation {unknown}
 x - a scroll of fog {unknown}
 y - 2 scrolls of random uselessness
 B - 2 scrolls of remove curse
 D - a scroll of immolation {unknown}
Potions
 e - 2 potions of flight
 h - a potion of curing
 i - 3 potions of berserk rage
 m - a potion of might
 p - 2 potions of degeneration
 t - 2 potions of haste
 u - a potion of ambrosia
 v - 2 potions of brilliance
Comestibles
 f - 10 rations


   Skills:
 + Level 5.4 Fighting
 - Level 0.8 Throwing
 + Level 5.5 Dodging
 * Level 9.3 Unarmed Combat
 - Level 1.4 Spellcasting
 - Level 4.0 Translocations


You had 6 spell levels left.
You knew the following spells:

 Your Spells              Type           Power        Failure   Level  Hunger
a - Blink                 Tloc           N/A          11%         2    ###....
b - Shroud of Golubria    Chrm/Tloc      #.........   24%         2    ###....

Your spell library contained the following spells:

 Spells                   Type           Power        Failure   Level  Hunger
 Apportation              Tloc           #.....       7%          1    ##.....
 Gell's Gravitas          Tloc           #.........   21%         3    ####...
 Lesser Beckoning         Tloc           #.........   21%         3    ####...
 Teleport Other           Tloc           #.......     21%         3    ####...
 Animate Skeleton         Necr           N/A          34%         1    ##.....
 Confusing Touch          Hex            #.....       34%         1    ##.....
 Magic Dart               Conj           #...         34%         1    ##.....
 Summon Butterflies       Summ           #.......     34%         1    ##.....
 Summon Small Mammal      Summ           #...         34%         1    ##.....
 Call Imp                 Summ           #.......     47%         2    ###....
 Slow                     Hex            #.......     47%         2    ###....
 Passage of Golubria      Tloc           N/A          56%         4    #####..
 Conjure Flame            Conj/Fire      #.......     71%         3    ####...
 Mephitic Cloud           Conj/Pois/Air  #.......     71%         3    ####...
 Tukima's Dance           Hex            #.......     71%         3    ####...
 Alistair's Intoxication  Tmut/Pois      #.......     100%        5    ######.
 Invisibility             Hex            #.......     100%        6    #######


Dungeon Overview and Level Annotations

Branches:
Dungeon (8/15)             Temple (0/1) D:7
   Lair: D:8-11

Altars:
Ashenzari
Fedhas
Hepliaklqana
Kikubaaqudgha
Ru
Sif Muna

Shops:
D:6 !


Innate Abilities, Weirdness & Mutations

You are too large for most types of armour.
You have claws for hands.
Your metabolism is lightning-fast.
You like to eat raw meat.
Your natural rate of healing is unusually fast.
You are covered in fur. (AC +1)
You have very tough skin. (AC +2)


Message History

Casting: Shroud of Golubria (safe; 24% risk of failure)
Confirm with . or Enter, or press ? or * to list all spells.
You blink.
You feel better. The manticore bites you!
* * * LOW HITPOINT WARNING * * *
The manticore claws you but does no damage.
The manticore barely misses you.
Casting: Blink (safe; 11% risk of failure)
Confirm with . or Enter, or press ? or * to list all spells.
You blink.
Casting: Blink (safe; 11% risk of failure)
Confirm with . or Enter, or press ? or * to list all spells.
You miscast Blink.
You are very lightly contaminated with residual magic.
Strange energies run through your body.
Casting: Blink (safe; 11% risk of failure)
Confirm with . or Enter, or press ? or * to list all spells.
You blink.
The manticore closely misses you. The manticore barely misses you.
The manticore claws you.
You die...

#..........(.####
######.....#..... ###.......###
##### ######......##..## #...##
#................. .....##
#..##(.#.##.###.## ......#
######....#..##.###... ......#
#..§.H..###.###....... ......#
#....@.####.###.......
.....#######........##>........).
.......†..##.........†...........
......###.##.....##.#######......
......# #.##.....##....###.......
......# #.##.....##..............
#...#.# #.#########.........#....
#####.# #..# #.........#....
#####.####.### #.........#.###


You could see a manticore.

Vanquished Creatures
  Harold (D:7)
  Sigmund (D:6)
  A shadow (D:7)
  2 hungry ghosts (D:7)
  An orc warrior (D:7)
  2 sky beasts (D:7)
  3 ogres
  A centaur (D:5)
  2 crocodiles (D:7)
  A bullfrog (D:7)
  2 scorpions (D:6)
  6 killer bees (D:7)
  A howler monkey (D:4)
  A crimson imp (D:7)
  A hound (D:5)
  A jelly (D:7)
  A centaur zombie (D:5)
  A bullfrog skeleton (D:7)
  An orc priest (D:6)
  3 orc wizards
  An iguana (D:5)
  4 worker ants
  A hound zombie (D:7)
  A hound skeleton (D:5)
  10 adders
  A shadow imp (D:8)
  2 oozes
  2 adder zombies
  A dart slug (D:3)
  7 leopard geckos
  11 orcs
  2 ball pythons
  6 bats
  5 giant cockroaches
  12 goblins
  6 hobgoblins
  6 jackals (D:6)
  6 kobolds
  2 quokkas
  5 frilled lizards
  A jackal zombie (D:7)
  A quokka zombie (D:7)
  6 rats
132 creatures vanquished.

Notes
Turn   | Place    | Note
-------+----------+-------------------------------------------
     0 | D:1      | Pocketmage the Troll Warper began the quest for the Orb.
     0 | D:1      | Reached XP level 1. HP: 19/19 MP: 1/1
    56 | D:1      | Reached XP level 2. HP: 28/28 MP: 3/3
   725 | D:2      | HP: 1/28 [worker ant (4)]
   727 | D:2      | Reached skill level 3 in Unarmed Combat
   727 | D:2      | Reached XP level 3. HP: 11/35 MP: 4/4
   782 | D:2      | Learned a level 2 spell: Blink
   785 | D:2      | Learned a level 2 spell: Shroud of Golubria
   873 | D:2      | Found a deep blue altar of Sif Muna.
   913 | D:2      | Reached XP level 4. HP: 42/42 MP: 5/5
  1580 | D:3      | Reached XP level 5. HP: 35/50 MP: 6/6
  2211 | D:4      | Reached skill level 4 in Unarmed Combat
  2253 | D:4      | Noticed an ogre
  2254 | D:4      | Noticed an ogre
  2269 | D:3      | Killed an ogre
  2301 | D:4      | Killed an ogre
  2301 | D:4      | Reached XP level 6. HP: 59/59 MP: 2/7
  2647 | D:5      | Entered Level 5 of the Dungeon
  2885 | D:5      | Reached skill level 5 in Unarmed Combat
  3001 | D:5      | Reached XP level 7. HP: 52/67 MP: 8/8
  3277 | D:5      | Found a hazy altar of Hepliaklqana.
  3368 | D:5      | Found a blossoming altar of Fedhas.
  3606 | D:6      | Found Qyonki Tung's Distillery.
  3651 | D:6      | Bought a potion of haste for 140 gold pieces
  3975 | D:6      | Noticed Sigmund
  3985 | D:6      | Killed Sigmund
  3985 | D:6      | Reached skill level 6 in Unarmed Combat
  4237 | D:7      | Found a shattered altar of Ashenzari.
  4237 | D:7      | Noticed a hungry ghost
  4249 | D:7      | Killed a hungry ghost
  4249 | D:7      | Reached XP level 8. HP: 78/78 MP: 9/9
  4336 | D:7      | Reached skill level 7 in Unarmed Combat
  4476 | D:7      | Noticed Harold
  4602 | D:7      | Found an ancient bone altar of Kikubaaqudgha.
  4774 | D:7      | Found a sacrificial altar of Ru.
  4782 | D:7      | Became a worshipper of Ru the Awakened
  4871 | D:7      | Killed Harold
  4871 | D:7      | Reached skill level 5 in Fighting
  4871 | D:7      | Reached skill level 5 in Dodging
  4871 | D:7      | Reached skill level 8 in Unarmed Combat
  4871 | D:7      | Reached XP level 9. HP: 18/88 MP: 10/10
  5063 | D:7      | Reached skill level 9 in Unarmed Combat
  5124 | D:7      | Found a staircase to the Ecumenical Temple.
  5194 | D:8      | Noticed a manticore
  5205 | D:8      | HP: 3/88 [manticore (4)]
  5369 | D:7      | HP: 1/88 [manticore (17)]
  5372 | D:7      | Slain by a manticore

Skill      XL: |  1  2  3  4  5  6  7  8  9 |
---------------+----------------------------+-----
Dodging        | 2 3 4 5 |  5.5
Fighting       | 2 3 5 |  5.4
Unarmed Combat | 3 4 5 6 8 9 |  9.3
Translocations | 3 4 |  4.0
Throwing       | |  0.8
Spellcasting   | |  1.4

Action                   |  1- 3 |  4- 6 |  7- 9 || total
-------------------------+-------+-------+-------++-------
Melee: Unarmed           |    86 |   146 |   234 ||   466
       Punch             |       |     4 |     6 ||    10
 Cast: Shroud of Golubri |     1 |     2 |     9 ||    12
       Blink             |       |       |     9 ||     9
  Use: Potion            |     1 |       |     4 ||     5
       Scroll            |       |     7 |     4 ||    11
 Stab: Distracted        |       |       |     1 ||     1
       Invisible         |       |       |     2 ||     2
  Eat: Chunk             |    14 |    17 |    22 ||    53
Armor: Robe              |    36 |    48 |    75 ||   159
Dodge: Dodged            |    55 |    65 |   109 ||   229
